[Event "Djerba Festival Open-B 2025"]
[Site "Djerba"]
[Date "2025.02.21"]
[Round "5.5"]
[White "Cornileau, Raphael"]
[Black "Cherad, Mohammed"]
[Result "0-1"]
[Annotator "NA RC"]
[ECO "C55"]
[WhiteElo "1864"]
[BlackElo "1768"]
[PlyCount "84"]
[EventDate "2025.02.15"]
[EventType "swiss"]
[EventCountry "TUN"]
[SourceTitle "playchess.com"]
[Source "ChessBase"]
[SourceQuality "1"]
[TimeControl "5400+30"]

1. e4 e5 2. Nf3 Nf6 3. Nc3 Nc6 4. Bc4 Nxe4 5. Nxe4 d5 6. Bd3 dxe4 7. Bxe4 Bd7 8. O-O Bd6 9. d4 exd4 10. Nxd4 O-O 11. Nxc6 Qh4 12. Ne7+ Qxe7 13. Bxb7 Rad8 14. Qf3 Bb5 15. Qe4 Qxe4 16. Bxe4 Bxf1 17. Kxf1 Be5 18. Bf3 c5 19. c4 Rb8 20. Rb1 a5 21. Bc6 Rfd8 22. b3 Rd1+ 23. Ke2 Rh1 24. Be4 a4 25. Kd3 axb3 26. axb3 Bf4 27. Bxf4 Rxb1 28. Bxb8 Rxb3+ 29. Kc2 Rxb8 30. Bd5 Kf8 31. Kd3 Ke7 32. h4 f6 33. h5 Kd6 34. Ke4 Re8+ 35. Kf4 Re5 36. Bf3 g5+ 37. hxg6 hxg6 38. g4 g5+ 39. Kg3 Re1 40. Bd5 Rd1 41. Bf7 Ke5 42. Kf3 Kd4 0-1

[Event "Djerba Festival Open-B 2025"]
[Site "Djerba"]
[Date "2025.02.21"]
[Round "5.6"]
[White "Bensadi, Lotfi"]
[Black "Zerarga, Imene"]
[Result "1-0"]
[Annotator "RC"]
[ECO "B24"]
[WhiteElo "1971"]
[BlackElo "1831"]
[PlyCount "53"]
[EventDate "2025.02.15"]
[EventType "swiss"]
[EventCountry "TUN"]
[SourceTitle "playchess.com"]
[Source "ChessBase"]
[SourceQuality "1"]
[TimeControl "5400+30"]

1. e4 c5 2. Nc3 d6 3. f4 g6 4. Nf3 Bg7 5. g3 Nc6 6. Bg2 Nf6 7. O-O Rb8 8. a4 a6 9. h3 O-O 10. g4 b5 11. axb5 axb5 12. d3 Nd7 13. Kh1 b4 14. Ne2 Qb6 15. f5 Nde5 16. Nf4 e6 17. fxg6 fxg6 18. Ng5 Nd8 19. h4 Nef7 20. Nxf7 Nxf7 21. g5 Qd8 22. Ra7 Bd7 23. Bh3 Qc8 24. Nd5 exd5 25. Bxd7 Qd8 26. Be6 Qe8 27. Rfxf7 1-0

[Event "Djerba Festival Open-B 2025"]
[Site "Djerba"]
[Date "2025.02.21"]
[Round "5.7"]
[White "Ktita, Dhafer"]
[Black "Skhiri Youssef"]
[Result "0-1"]
[Annotator "RC"]
[ECO "C63"]
[WhiteElo "1949"]
[BlackElo "1808"]
[PlyCount "114"]
[EventDate "2025.02.15"]
[EventType "swiss"]
[EventCountry "TUN"]
[SourceTitle "playchess.com"]
[Source "ChessBase"]
[SourceQuality "1"]
[TimeControl "5400+30"]

1. e4 e5 2. Nf3 Nc6 3. Bb5 f5 4. d3 fxe4 5. dxe4 Nf6 6. O-O d6 7. Nc3 Be7 8. h3 O-O 9. Bc4+ Kh8 10. Ng5 Qe8 11. Ne6 Qf7 12. Nxc7 Qxc4 13. Nxa8 Nd4 14. Qd3 Be6 15. Qxc4 Bxc4 16. Nc7 Bd8 17. N7d5 Nxd5 18. Nxd5 Bxf1 19. Kxf1 Nxc2 20. Rb1 Bb6 21. Nxb6 axb6 22. Bd2 Rc8 23. Rc1 Kg8 24. Ke2 Nd4+ 25. Kd3 Rxc1 26. Bxc1 b5 27. Be3 Nc6 28. f4 Kf7 29. f5 Ke7 30. g4 h6 31. h4 Kd7 32. g5 h5 33. g6 Ke8 34. a4 bxa4 35. Kc4 Ne7 36. Bg5 d5+ 37. exd5 Nxf5 38. d6 e4 39. Kd5 Kd7 40. Kxe4 Nxd6+ 41. Kd5 Nf5 42. Kc5 Ne7 43. Kb6 Nxg6 44. Kxb7 Ne5 45. Be3 g6 46. Ka6 Kc6 47. Bd4 Kd5 48. Bc3 Nc4 49. Kb5 a3 50. b3 Ne3 51. Ka6 a2 52. b4 Kc4 53. Bb2 Kb3 54. Ba1 Nc2 55. Be5 Kxb4 56. Kb6 Kc4 57. Kc6 Nd4+ 0-1

[Event "Djerba Festival Open-B 2025"]
[Site "Djerba"]
[Date "2025.02.21"]
[Round "5.8"]
[White "Dejardin, Gregoire"]
[Black "Ertemi, Ibrahim K"]
[Result "1-0"]
[Annotator "RC"]
[ECO "A33"]
[WhiteElo "1932"]
[BlackElo "1823"]
[PlyCount "101"]
[EventDate "2025.02.15"]
[EventType "swiss"]
[EventCountry "TUN"]
[SourceTitle "playchess.com"]
[Source "ChessBase"]
[SourceQuality "1"]
[TimeControl "5400+30"]

1. Nf3 c5 2. c4 Nc6 3. d4 cxd4 4. Nxd4 e6 5. Nc3 Nf6 6. g3 Be7 7. Bg2 Bc5 8. e3 a6 9. O-O O-O 10. a3 e5 11. Nde2 Ne7 12. b4 Ba7 13. Bb2 d6 14. Rc1 Rb8 15. Qd3 Bf5 16. e4 Be6 17. Rcd1 Rc8 18. Nd5 Bxd5 19. cxd5 Ng6 20. Bh3 Rb8 21. Bc1 Ne8 22. Be3 Bxe3 23. Qxe3 Nf6 24. Rc1 Nh5 25. Rc3 Qf6 26. Bg4 Nhf4 27. gxf4 exf4 28. Qh3 Ne5 29. Kh1 g6 30. Bf3 Rfe8 31. Bg2 Kg7 32. Rfc1 h5 33. f3 Red8 34. Bf1 b5 35. Nd4 Ng4 36. Ne6+ Qxe6 37. dxe6 Nf2+ 38. Kg1 Nxh3+ 39. Bxh3 fxe6 40. Bxe6 Kf6 41. Bd5 Ke5 42. Kf2 g5 43. h3 g4 44. fxg4 hxg4 45. hxg4 Rh8 46. Rg1 Rh2+ 47. Rg2 Rh7 48. g5 Kd4 49. Rf3 Ke5 50. g6 Rc7 51. g7 1-0

[Event "Djerba Festival Open-B 2025"]
[Site "Djerba"]
[Date "2025.02.21"]
[Round "5.9"]
[White "Minde, Timothe"]
[Black "Gely, Bernard"]
[Result "0-1"]
[Annotator "RC"]
[ECO "B51"]
[WhiteElo "1879"]
[BlackElo "1928"]
[PlyCount "52"]
[EventDate "2025.02.15"]
[EventType "swiss"]
[EventCountry "TUN"]
[SourceTitle "playchess.com"]
[Source "ChessBase"]
[SourceQuality "1"]
[TimeControl "5400+30"]

1. e4 c5 2. Nf3 d6 3. Bb5+ Nd7 4. c4 Qc7 5. O-O e6 6. b4 a6 7. Bxd7+ Bxd7 8. bxc5 Qxc5 9. Qb3 Rc8 10. Qxb7 Qxc4 11. Nc3 Qc6 12. Qb3 Nf6 13. Re1 Qa8 14. e5 Ng4 15. exd6 Bxd6 16. Ne4 Be7 17. Ba3 Rb8 18. Qc3 Nf6 19. Nd6+ Bxd6 20. Bxd6 Rc8 21. Qe3 Bc6 22. Nd4 Qa7 23. Qe5 Bd5 24. Rac1 Kd7 25. Nf5 Ng4 26. Qxg7 Qxf2+ 0-1

[Event "Djerba Festival Open-B 2025"]
[Site "Djerba"]
[Date "2025.02.21"]
[Round "5.10"]
[White "Le Dore, Yann"]
[Black "Charfeddine, Akram"]
[Result "0-1"]
[Annotator "RC"]
[ECO "B23"]
[WhiteElo "1846"]
[BlackElo "1915"]
[PlyCount "58"]
[EventDate "2025.02.15"]
[EventType "swiss"]
[EventCountry "TUN"]
[SourceTitle "playchess.com"]
[Source "ChessBase"]
[SourceQuality "1"]
[TimeControl "5400+30"]

1. e4 c5 2. Nc3 Nc6 3. Bb5 a6 4. Bxc6 bxc6 5. d3 d6 6. f4 Nf6 7. Nf3 g6 8. O-O Bg7 9. Qe1 Bg4 10. e5 dxe5 11. fxe5 Nd5 12. e6 Bxe6 13. Ng5 Nc7 14. Bf4 Bf5 15. Bxc7 Qxc7 16. Nxf7 Kxf7 17. g4 e6 18. gxf5 exf5 19. Qe4 Bd4+ 20. Kh1 Rhe8 21. Qh4 Kg7 22. Rae1 Qf7 23. Ne4 Bf6 24. Qxf6+ Qxf6 25. Nxf6 Kxf6 26. Kg2 g5 27. Kf2 h5 28. h4 g4 29. Kg3 Rad8 0-1

[Event "Djerba Festival Open-B 2025"]
[Site "Djerba"]
[Date "2025.02.21"]
[Round "5.11"]
[White "Girard, Adrien"]
[Black "Algadari, Mahmod"]
[Result "0-1"]
[Annotator "RC"]
[ECO "B07"]
[WhiteElo "1796"]
[BlackElo "1909"]
[PlyCount "48"]
[EventDate "2025.02.15"]
[EventType "swiss"]
[EventCountry "TUN"]
[SourceTitle "playchess.com"]
[Source "ChessBase"]
[SourceQuality "1"]
[TimeControl "5400+30"]

1. e4 d6 2. d4 Nf6 3. Nc3 g6 4. Be3 c6 5. Nf3 Bg4 6. h3 Bxf3 7. Qxf3 Nbd7 8. Bd3 Bg7 9. O-O O-O 10. a4 a5 11. Ne2 e5 12. d5 Qe7 13. Ng3 h6 14. Qe2 cxd5 15. exd5 Nxd5 16. Be4 Nxe3 17. Qxe3 Nc5 18. Rfd1 Kh7 19. Qd2 f5 20. Bd5 e4 21. c3 Rfe8 22. Nf1 Rad8 23. Ne3 f4 24. Nc4 Nb3 0-1

[Event "Djerba Festival Open-B 2025"]
[Site "Djerba"]
[Date "2025.02.21"]
[Round "5.12"]
[White "Smida, Tahar"]
[Black "Marceil, Jean"]
[Result "0-1"]
[Annotator "RC"]
[ECO "C02"]
[WhiteElo "1769"]
[BlackElo "1901"]
[PlyCount "80"]
[EventDate "2025.02.15"]
[EventType "swiss"]
[EventCountry "TUN"]
[SourceTitle "playchess.com"]
[Source "ChessBase"]
[SourceQuality "1"]
[TimeControl "5400+30"]

1. e4 e6 2. d4 d5 3. e5 c5 4. c3 Nc6 5. Nf3 Bd7 6. Be2 Qb6 7. a3 a5 8. O-O a4 9. Qd3 Na5 10. Nbd2 Nh6 11. Rd1 Nf5 12. g4 c4 13. Qc2 Nh6 14. h3 Be7 15. Rb1 O-O-O 16. Nf1 Rdg8 17. Ng3 Nb3 18. Bg5 Qd8 19. Bxe7 Qxe7 20. Rf1 f6 21. Rbe1 Be8 22. Qd1 Nf7 23. Kg2 fxe5 24. Nxe5 Nxe5 25. dxe5 g6 26. f4 h5 27. Rf2 Bc6 28. Kh2 Qc5 29. Ref1 h4 30. Nh1 b5 31. Bf3 Rf8 32. Bg2 Kc7 33. f5 gxf5 34. gxf5 d4 35. Bxc6 Qxe5+ 36. Rf4 Rxf5 37. Qf3 Rhf8 38. Bxb5 Qxb5 39. Qe4 Nd2 40. Qxd4 Nxf1+ 0-1

[Event "Djerba Festival Open-B 2025"]
[Site "Djerba"]
[Date "2025.02.21"]
[Round "5.13"]
[White "Chaouech, Oussama"]
[Black "Ajbara Jamal"]
[Result "0-1"]
[Annotator "NA RC"]
[ECO "D17"]
[WhiteElo "1651"]
[BlackElo "1898"]
[PlyCount "76"]
[EventDate "2025.02.15"]
[EventType "swiss"]
[EventCountry "TUN"]
[SourceTitle "playchess.com"]
[Source "ChessBase"]
[SourceQuality "1"]
[TimeControl "5400+30"]

1. d4 d5 2. c4 c6 3. Nc3 Nf6 4. Nf3 dxc4 5. a4 Bf5 6. Ne5 e6 7. f3 Bb4 8. e4 Bxe4 9. fxe4 Nxe4 10. Nf3 Nxc3 11. bxc3 Bxc3+ 12. Bd2 Bxa1 13. Qxa1 b5 14. Qa3 a5 15. axb5 cxb5 16. Be2 Qd5 17. O-O b4 18. Qa4+ Nd7 19. Rc1 Rc8 20. Be3 O-O 21. Ng5 Nb6 22. Qc2 f5 23. Bf3 Qd6 24. Qf2 Rf6 25. Bb7 Rd8 26. Bf4 Qxd4 27. Qxd4 Rxd4 28. Be5 Rd3 29. Bxf6 gxf6 30. Nxe6 b3 31. Nf4 Rd2 32. Kf1 b2 33. Rb1 c3 34. Ne2 Rxe2 35. Kxe2 c2 36. Rxb2 c1=Q 37. Rxb6 Qc4+ 38. Kf3 Qd3+ 0-1

[Event "Djerba Festival Open-B 2025"]
[Site "Djerba"]
[Date "2025.02.21"]
[Round "5.14"]
[White "Tahir, Abderrahmane"]
[Black "Chelli, Hichem"]
[Result "1-0"]
[Annotator "NA RC"]
[ECO "A04"]
[WhiteElo "1891"]
[BlackElo "1763"]
[PlyCount "173"]
[EventDate "2025.02.15"]
[EventType "swiss"]
[EventCountry "TUN"]
[SourceTitle "playchess.com"]
[Source "ChessBase"]
[SourceQuality "1"]
[TimeControl "5400+30"]

1. Nf3 c5 2. g3 Nc6 3. Bg2 g6 4. c3 e5 5. e4 Bg7 6. d3 Nge7 7. Nbd2 O-O 8. O-O h6 9. Re1 d5 10. Qc2 Be6 11. b3 d4 12. c4 a5 13. a3 Qd7 14. Rb1 Kh7 15. h4 f5 16. exf5 gxf5 17. Nh2 Rf7 18. f4 Rg8 19. Ndf1 Bf6 20. Nd2 Bg7 21. Ndf1 Bf6 22. Qd2 Bg7 23. Qc2 Bf6 24. Qd2 Bg7 25. Qc2 Bf6 26. Qd2 Bxh4 27. gxh4 Rfg7 28. Re2 e4 29. Qe1 e3 30. h5 Qe8 31. Nxe3 dxe3 32. Bxe3 Qxh5 33. Bxc5 Ng6 34. Rbb2 Nxf4 35. Red2 Qh3 36. Qf1 Qg3 37. Kh1 Ne5 38. Bd6 Neg6 39. Rf2 Qe3 40. Bxf4 Nxf4 41. Rxf4 Bd7 42. d4 Bc6 43. d5 Be8 44. Rf3 Qd4 45. Rff2 Bh5 46. Qb1 Bg6 47. Nf3 Qg4 48. Ne5 Qh4+ 49. Kg1 f4 50. Nxg6 Rxg6 51. Kf1 Kh8 52. Qe4 Rg4 53. Qe5+ R8g7 54. d6 Rxg2 55. Rxg2 Qh1+ 56. Ke2 Qxg2+ 57. Kd3 Qg3+ 58. Ke2 Qg2+ 59. Kd3 Qg3+ 60. Kd4 Qg1+ 61. Kd5 Qh1+ 62. Kc5 Kh7 63. Qf5+ Kh8 64. Qf6 Kg8 65. Qe6+ Kh7 66. Qf5+ Kg8 67. Qd5+ Qxd5+ 68. Kxd5 Kf7 69. b4 a4 70. Rf2 Rg5+ 71. Ke4 Ke6 72. c5 b6 73. Rd2 Kd7 74. c6+ Kxc6 75. d7 Rg8 76. d8=Q Rxd8 77. Rxd8 Kb5 78. Rc8 h5 79. Kxf4 h4 80. Ke4 h3 81. Kd5 Ka6 82. Kc6 Ka7 83. Rh8 b5 84. Rxh3 Ka6 85. Rh4 Ka7 86. Rh8 Ka6 87. Ra8# 1-0

[Event "Djerba Festival Open-B 2025"]
[Site "Djerba"]
[Date "2025.02.21"]
[Round "5.15"]
[White "Belhaj, Nadhem"]
[Black "Banat, Rizlene"]
[Result "0-1"]
[Annotator "RC"]
[ECO "A30"]
[WhiteElo "1960"]
[BlackElo "1785"]
[PlyCount "132"]
[EventDate "2025.02.15"]
[EventType "swiss"]
[EventCountry "TUN"]
[SourceTitle "playchess.com"]
[Source "ChessBase"]
[SourceQuality "1"]
[TimeControl "5400+30"]

1. Nf3 c5 2. c4 e6 3. g3 f5 4. Bg2 Be7 5. Nc3 Nc6 6. d4 cxd4 7. Nxd4 a6 8. O-O Qb6 9. Nb3 Nf6 10. h3 O-O 11. c5 Qc7 12. Bf4 Qd8 13. Bd6 Bxd6 14. cxd6 b6 15. e3 Bb7 16. Qd2 Bc8 17. Qd1 Bb7 18. Qd2 Rb8 19. Rfc1 Ne5 20. Qe2 Bxg2 21. Kxg2 b5 22. Nc5 Qb6 23. b4 Qxd6 24. f4 Nc4 25. Qf3 Qd2+ 26. Qe2 Qxe2+ 27. Nxe2 Nxe3+ 28. Kf3 Ned5 29. Nxa6 Ra8 30. Nc7 Rab8 31. Na6 Ra8 32. Nc7 Ra3+ 33. Kg2 Raa8 34. Kf3 Ra3+ 35. Kg2 Raa8 36. Kf3 Ra3+ 37. Kg2 Nxb4 38. Nxb5 Rxa2 39. Rxa2 Nxa2 40. Rc4 Nd5 41. Ra4 Nab4 42. Ra7 Nf6 43. Nd6 Nc6 44. Kf3 Nb4 45. Kg2 Nc6 46. Rc7 h6 47. Nc1 Rb8 48. Nd3 Nd5 49. Ra7 Nf6 50. Rc7 Rb3 51. Nc5 Rb2+ 52. Kg1 Nd4 53. Nxd7 Nxd7 54. Rxd7 Ne2+ 55. Kf2 Nxf4+ 56. Kf3 Nxh3 57. Ne8 Ng5+ 58. Ke3 Rb3+ 59. Kf2 Ne4+ 60. Kg2 Rxg3+ 61. Kh2 Rg6 62. Nc7 Rf6 63. Ne8 Rf7 64. Rd8 Kh7 65. Kg2 Nf6 66. Nd6 Rd7 0-1

[Event "Djerba Festival Open-B 2025"]
[Site "Djerba"]
[Date "2025.02.21"]
[Round "5.16"]
[White "Mileiko, Juris"]
[Black "Nassr, Lina"]
[Result "0-1"]
[Annotator "RC"]
[ECO "B42"]
[WhiteElo "1716"]
[BlackElo "1934"]
[PlyCount "67"]
[EventDate "2025.02.15"]
[EventType "swiss"]
[EventCountry "TUN"]
[SourceTitle "playchess.com"]
[Source "ChessBase"]
[SourceQuality "1"]
[TimeControl "5400+30"]

1. e4 c5 2. Nf3 e6 3. d4 cxd4 4. Nxd4 a6 5. Bd3 Bc5 6. Nb3 Ba7 7. Nc3 Nc6 8. Qe2 Nge7 9. Bf4 d6 10. O-O-O Ng6 11. Bg3 e5 12. h4 h5 13. Nd5 Be6 14. c3 b5 15. Kb1 Rb8 16. Kc1 Ra8 17. Kb1 Rb8 18. f3 O-O 19. Be1 Bxd5 20. exd5 Nf4 21. Qe4 f5 22. Qxf5 Rxf5 23. Bxf5 Ne7 24. g3 Nxf5 25. gxf4 exf4 26. Nd2 Ne3 27. Bf2 Nxd1 28. Bxa7 Rb7 29. Bd4 Ne3 30. Ne4 Nf5 31. Bf2 Ng3 32. Rf1 Nf5 33. Rh1 Ng3 34. Rf1 0-1

[Event "Djerba Festival Open-B 2025"]
[Site "Djerba"]
[Date "2025.02.21"]
[Round "5.17"]
[White "Abokrais, Kaled"]
[Black "Nayaradou, Philippe"]
[Result "1/2-1/2"]
[Annotator "RC"]
[ECO "B12"]
[WhiteElo "1902"]
[BlackElo "1783"]
[PlyCount "111"]
[EventDate "2025.02.15"]
[EventType "swiss"]
[EventCountry "TUN"]
[SourceTitle "playchess.com"]
[Source "ChessBase"]
[SourceQuality "1"]
[TimeControl "5400+30"]

1. e4 c6 2. d4 d5 3. e5 Bf5 4. Bd3 Bxd3 5. Qxd3 e6 6. Ne2 Nd7 7. O-O Ne7 8. Ng3 c5 9. c3 Nc6 10. Nd2 Qb6 11. Nf3 Rc8 12. Rb1 cxd4 13. cxd4 Be7 14. Re1 Nb4 15. Qb3 Nc2 16. Qxb6 Nxb6 17. Rd1 Nb4 18. Bd2 O-O 19. a3 Nc6 20. Bc3 a6 21. Ne2 Na7 22. h3 Rc6 23. Rd3 Rfc8 24. Nd2 Nc4 25. Nxc4 Rxc4 26. b3 R4c6 27. a4 h6 28. f4 f5 29. Rf1 b5 30. axb5 Nxb5 31. Rff3 Kf7 32. g4 g6 33. Kf2 Bd8 34. Bb4 Bb6 35. Ke3 a5 36. Bd2 Rc2 37. Rf2 Rb2 38. gxf5 gxf5 39. Rf1 Rcc2 40. Rc1 Na3 41. Rxc2 Nxc2+ 42. Kf3 Nb4 43. Bxb4 axb4 44. Ke3 Kg6 45. Ng1 Rg2 46. Ne2 Rh2 47. Ng1 Kh5 48. Rd1 Rc2 49. Ne2 Kh4 50. Rg1 Kh5 51. Rg7 Rc7 52. Rxc7 Bxc7 53. Kf3 Kh4 54. Kg2 Bb6 55. Kh2 Kh5 56. Ng3+ 1/2-1/2

[Event "Djerba Festival Open-B 2025"]
[Site "Djerba"]
[Date "2025.02.21"]
[Round "5.18"]
[White "Minde, Baptiste"]
[Black "Baba, Mouadh"]
[Result "1-0"]
[Annotator "NA RC"]
[ECO "D02"]
[WhiteElo "1896"]
[BlackElo "1688"]
[PlyCount "77"]
[EventDate "2025.02.15"]
[EventType "swiss"]
[EventCountry "TUN"]
[SourceTitle "playchess.com"]
[Source "ChessBase"]
[SourceQuality "1"]
[TimeControl "5400+30"]

1. d4 Nf6 2. Bf4 d5 3. e3 e6 4. Nf3 c5 5. Nbd2 Nc6 6. c3 Nh5 7. Bg5 Qb6 8. Rb1 h6 9. Bh4 g5 10. Bg3 Nxg3 11. hxg3 g4 12. Ne5 Nxe5 13. dxe5 h5 14. Be2 Bg7 15. Qa4+ Bd7 16. Qf4 O-O-O 17. Qg5 Rdg8 18. Rh2 h4 19. Rxh4 Bf6 20. Rxh8 Bxg5 21. Rxg8+ Bd8 22. Bxg4 Bb5 23. b3 Qc7 24. c4 Bc6 25. f4 Qd7 26. cxd5 Qxd5 27. Bf3 Qd3 28. Rd1 Qxe3+ 29. Kf1 Qd3+ 30. Be2 Qh7 31. Rg4 Qh1+ 32. Kf2 Qxg2+ 33. Ke3 Bb6 34. Nc4 Qe4+ 35. Kf2 Qg2+ 36. Ke1 Bb5 37. Nd6+ Kc7 38. Nxb5+ Kc6 39. Rd6# 1-0

[Event "Djerba Festival Open-B 2025"]
[Site "Djerba"]
[Date "2025.02.21"]
[Round "5.19"]
[White "Cornette, Francois"]
[Black "MEZGOURI NOUREDDINE"]
[Result "0-1"]
[Annotator "NA RC"]
[ECO "B01"]
[WhiteElo "1680"]
[BlackElo "1891"]
[PlyCount "70"]
[EventDate "2025.02.15"]
[EventType "swiss"]
[EventCountry "TUN"]
[SourceTitle "playchess.com"]
[Source "ChessBase"]
[SourceQuality "1"]
[TimeControl "5400+30"]

1. e4 d5 2. exd5 Nf6 3. d4 Nxd5 4. Nf3 Bf5 5. Bc4 Nc6 6. O-O e6 7. c3 Be7 8. Bd3 Bg4 9. Nbd2 O-O 10. h3 Bh5 11. Re1 Bf6 12. Qc2 Bg6 13. Bxg6 hxg6 14. Ne4 Be7 15. Neg5 Bxg5 16. Nxg5 Nf6 17. Bf4 Qd5 18. Nf3 Rac8 19. Ne5 Nh5 20. Nxc6 Qxc6 21. Bg5 Nf6 22. Qd3 Rcd8 23. Bxf6 gxf6 24. Re3 e5 25. Rg3 Kg7 26. b3 exd4 27. c4 Qd6 28. Rd1 c5 29. a4 Rfe8 30. Rg4 Re5 31. Re4 Rde8 32. Rde1 b6 33. g3 Rxe4 34. Rxe4 Rxe4 35. Qxe4 Qe6 0-1

[Event "Djerba Festival Open-B 2025"]
[Site "Djerba"]
[Date "2025.02.21"]
[Round "5.20"]
[White "Tkitek Mohamed Mejed"]
[Black "Mendili, Jahed"]
[Result "1-0"]
[Annotator "NA RC"]
[ECO "D32"]
[WhiteElo "1875"]
[BlackElo "1771"]
[PlyCount "179"]
[EventDate "2025.02.15"]
[EventType "swiss"]
[EventCountry "TUN"]
[SourceTitle "playchess.com"]
[Source "ChessBase"]
[SourceQuality "1"]
[TimeControl "5400+30"]

1. d4 Nf6 2. c4 e6 3. Nf3 d5 4. Nc3 c5 5. Bg5 Nc6 6. cxd5 exd5 7. e3 Be6 8. Bb5 Be7 9. Ne5 Qc7 10. Qa4 O-O 11. Bxc6 bxc6 12. Qxc6 Qb8 13. Qb5 Qc7 14. Qe2 Rab8 15. O-O cxd4 16. exd4 Qb6 17. Qd3 h6 18. Bh4 Rfc8 19. Na4 Qa5 20. b3 Rb7 21. h3 Rbc7 22. Rfe1 Bb4 23. Re2 Ne4 24. Rd1 f6 25. f3 Bf5 26. fxe4 dxe4 27. Qe3 fxe5 28. dxe5 Rc2 29. e6 Rxe2 30. Qxe2 Qe5 31. e7 Bxe7 32. Bxe7 Qxe7 33. Nb2 Qc5+ 34. Kh2 Qc2 35. Rd2 Qc7+ 36. Kg1 Qg3 37. Nc4 Bxh3 38. Qxe4 Rf8 39. Qe3 Qxe3+ 40. Nxe3 Re8 41. Nd5 Bf5 42. Kf2 Kf7 43. Ne3 Bg6 44. Rd6 Re7 45. Nd5 Re5 46. Nf4 Bf5 47. Ra6 Re7 48. Ra5 g6 49. Ne2 h5 50. Nd4 Be4 51. Nb5 Re5 52. Rxa7+ Kf6 53. Nc3 Bf5 54. b4 Re8 55. a4 Rc8 56. Nd5+ Ke5 57. Ne3 Be4 58. b5 Kd6 59. b6 Ra8 60. b7 Rb8 61. Nc4+ Kc5 62. Nd2 Bxb7 63. Ra5+ Kb4 64. Rg5 Kxa4 65. Rxg6 Bc8 66. Rg8 Rb2 67. Rxc8 Rxd2+ 68. Kg3 Rd4 69. Rc5 h4+ 70. Kh3 Kb4 71. Rh5 Rd2 72. Rxh4+ Kc5 73. Re4 Kd5 74. Re8 Rc2 75. g4 Rc1 76. Kh4 Rh1+ 77. Kg5 Kd6 78. Kg6 Kd7 79. Re2 Rg1 80. g5 Rg3 81. Kf6 Rf3+ 82. Kg7 Rf1 83. g6 Rg1 84. Kf7 Rf1+ 85. Kg8 Rg1 86. g7 Rg3 87. Re5 Rg2 88. Kh7 Rh2+ 89. Kg6 Rg2+ 90. Rg5 1-0

[Event "Djerba Festival Open-B 2025"]
[Site "Djerba"]
[Date "2025.02.21"]
[Round "5.21"]
[White "Weslati, Monem"]
[Black "Perrusset, Barbara"]
[Result "1-0"]
[Annotator "NA RC"]
[ECO "A13"]
[WhiteElo "1591"]
[BlackElo "1869"]
[PlyCount "89"]
[EventDate "2025.02.15"]
[EventType "swiss"]
[EventCountry "TUN"]
[SourceTitle "playchess.com"]
[Source "ChessBase"]
[SourceQuality "1"]
[TimeControl "5400+30"]

1. Nf3 e6 2. c4 d5 3. g3 Nf6 4. Bg2 dxc4 5. Qc2 Nbd7 6. Qxc4 a6 7. Qc2 c5 8. Nc3 Rb8 9. d4 Bd6 10. dxc5 Nxc5 11. O-O e5 12. Rd1 Qc7 13. Bg5 Nce4 14. Qd3 Nxg5 15. Nxg5 Be7 16. Nge4 Nxe4 17. Nd5 Qc5 18. Bxe4 Bd8 19. Rac1 Qb5 20. Qc2 O-O 21. Bxh7+ Kh8 22. a4 Qe8 23. Bf5 Bxf5 24. Qxf5 Qxa4 25. Qxe5 Rc8 26. Rxc8 Qxd1+ 27. Kg2 Kg8 28. Qd6 Qxe2 29. Qxf8+ Kh7 30. Rxd8 Qe4+ 31. f3 Qc2+ 32. Kf1 Qd1+ 33. Kf2 Qd2+ 34. Kg1 Qd1+ 35. Kg2 Qc2+ 36. Kh3 Qf5+ 37. g4 Qxf3+ 38. Kh4 Qf2+ 39. Kg5 Qd2+ 40. Nf4 f6+ 41. Kf5 Qa5+ 42. Rd5 g6+ 43. Kxf6 Qb6+ 44. Kg5 Qd8+ 45. Qxd8 1-0

[Event "Djerba Festival Open-B 2025"]
[Site "Djerba"]
[Date "2025.02.21"]
[Round "5.22"]
[White "Louvrier Saint-Mary, Jean-Roger"]
[Black "Farouz, Paul"]
[Result "1-0"]
[Annotator "NA RC"]
[ECO "B14"]
[WhiteElo "1839"]
[BlackElo "1680"]
[PlyCount "89"]
[EventDate "2025.02.15"]
[EventType "swiss"]
[EventCountry "TUN"]
[SourceTitle "playchess.com"]
[Source "ChessBase"]
[SourceQuality "1"]
[TimeControl "5400+30"]

1. e4 c6 2. d4 d5 3. exd5 cxd5 4. c4 Nf6 5. Nc3 g6 6. Bg5 Bg7 7. Bxf6 Bxf6 8. Nxd5 Bg7 9. Nf3 Bg4 10. h3 Bxf3 11. Qxf3 Nc6 12. Rd1 O-O 13. Bd3 Nxd4 14. Qe4 e6 15. Nc3 Qb6 16. O-O Nf5 17. Na4 Qa5 18. Bc2 b6 19. Rd7 Rac8 20. a3 Qa6 21. Bb3 Rfd8 22. Rfd1 Bf6 23. Rxd8+ Bxd8 24. Rd7 b5 25. Qd3 Bf6 26. cxb5 Rc1+ 27. Kh2 Qc8 28. Nc3 Qc5 29. Ne4 Be5+ 30. g3 Bxg3+ 31. Qxg3 Qxb5 32. Qd3 Qe5+ 33. Ng3 Qf4 34. Qd2 Qf3 35. Rd8+ Kg7 36. Nxf5+ exf5 37. Qd4+ f6 38. Qxa7+ Kh6 39. Qe3+ Qxe3 40. fxe3 Rb1 41. Rd2 Kg5 42. Kg3 h5 43. a4 f4+ 44. exf4+ Kf5 45. Bc2+ 1-0

[Event "Djerba Festival Open-B 2025"]
[Site "Djerba"]
[Date "2025.02.21"]
[Round "5.23"]
[White "Falezan, Arnaud"]
[Black "Ben Youssef, Chedly"]
[Result "1-0"]
[Annotator "NA RC"]
[ECO "C53"]
[WhiteElo "1662"]
[BlackElo "1787"]
[PlyCount "46"]
[EventDate "2025.02.15"]
[EventType "swiss"]
[EventCountry "TUN"]
[SourceTitle "playchess.com"]
[Source "ChessBase"]
[SourceQuality "1"]
[TimeControl "5400+30"]

1. e4 e5 2. Nf3 Nc6 3. Bc4 Bc5 4. c3 d6 5. d4 exd4 6. cxd4 Bb4+ 7. Nc3 Nge7 8. d5 Bxc3+ 9. bxc3 Ne5 10. Nxe5 dxe5 11. Qb3 O-O 12. O-O Kh8 13. Ba3 a5 14. Rad1 f5 15. d6 cxd6 16. Bxd6 Nc6 17. Bxf8 Qxf8 18. exf5 Qxf5 19. Qb6 Qg5 20. f4 exf4 21. Rxf4 Bh3 22. Qf2 Qe7 23. gxh3 Nb8 1-0

[Event "Djerba Festival Open-B 2025"]
[Site "Djerba"]
[Date "2025.02.21"]
[Round "5.24"]
[White "Kempinski, Andre"]
[Black "Alsaiti, Mohamed Abdalgader"]
[Result "1-0"]
[Annotator "NA RC"]
[ECO "B09"]
[WhiteElo "1888"]
[BlackElo "1674"]
[PlyCount "91"]
[EventDate "2025.02.15"]
[EventType "swiss"]
[EventCountry "TUN"]
[SourceTitle "playchess.com"]
[Source "ChessBase"]
[SourceQuality "1"]
[TimeControl "5400+30"]

1. e4 d6 2. d4 Nf6 3. Nc3 g6 4. f4 Bg7 5. Nf3 c5 6. dxc5 Qa5 7. Bd3 Qxc5 8. Qe2 Bg4 9. Be3 Qb4 10. O-O Nc6 11. Nb5 O-O 12. c3 Qa5 13. h3 Bxf3 14. Qxf3 a6 15. Na3 Nd7 16. Nc4 Qc7 17. Nd2 Nc5 18. Bc2 b5 19. Qf2 Rfd8 20. Nf3 Nd7 21. Rac1 Rab8 22. a3 Na5 23. Bd4 e5 24. fxe5 dxe5 25. Be3 Nc4 26. Bg5 Re8 27. Bb1 Nc5 28. Rcd1 h6 29. Bc1 Nb3 30. Be3 Bf8 31. Kh1 Nxe3 32. Qxe3 Rbd8 33. Ba2 Na5 34. Nd2 Re7 35. b4 Nc4 36. Nxc4 bxc4 37. Rxd8 Qxd8 38. Bxc4 Rc7 39. Bd5 Qd7 40. Rxf7 Qxf7 41. Qb6 Qxd5 42. exd5 Rxc3 43. Qxg6+ Bg7 44. d6 Rxa3 45. d7 Ra1+ 46. Kh2 1-0